 Dungeon Crawl Stone Soup version 0.31-a0-188-g5e087ee2ca (webtiles) character file.

Game seed: 16982938292747927677

77 qw the Shooter (level 4, -2/25 HPs)
             Began as a Deep Elf Hunter on June 22, 2023.
             Slain by a cerulean imp
             ... wielding a +2 spear
             ... summoned by Natasha
              (6 damage)
             ... on level 3 of the Dungeon.
             The game lasted 00:00:34 (1610 turns).

qw the Shooter (Deep Elf Hunter)                    Turns: 1610, Time: 00:00:34

Health: -2/25      AC:  6    Str: 10    XL:     4   Next: 13%
Magic:  6/6        EV: 11    Int: 14    God:
Gold:   124        SH:  0    Dex: 18    Spells: 3/3 levels left

rFire   . . .        Y - +0 shortbow
rCold   . . .        (shield currently unavailable)
rNeg    . . .        i - +0 ring mail
rPois   .            g - +0 helmet
rElec   .            (no cloak)
rCorr   .            (no gloves)
SInv    .            (no boots)
Will    .....        (no amulet)
Stlth   +            (no ring)
HPRegen 0.24/turn    (no ring)
MPRegen 0.10/turn

%: no passive effects
@: no status effects
A: no striking features
a: no special abilities


You were on level 3 of the Dungeon.
You visited 1 branch of the dungeon, and saw 3 of its levels.

You collected 124 gold pieces.


   Skills:
 - Level 1.5 Fighting
 + Level 7.5 Ranged Weapons
 - Level 2.4 Dodging
 - Level 1.2 Stealth


You had 3 spell levels left.
You didn't know any spells.
Your spell library was empty.

Inventory:

Hand Weapons
 Y - a +0 shortbow (weapon)
Armour
 g - a +0 helmet (worn)
 i - a +0 ring mail (worn)
Potions
 b - a potion of curing {unknown}
 c - a potion of brilliance {unknown}
 d - a potion of haste {unknown}
 e - a potion of degeneration {unknown}
 f - a potion of invisibility {unknown}
 h - a potion of lignification {unknown}

Dungeon Overview and Level Annotations

Branches:
Dungeon (3/15)

Altars:
Gozag

Annotations:
D:2 1 runed translucent door, Crazy Yiuf
D:3 Natasha, Robin


Message History

The cerulean imp is moderately wounded.
Natasha howls an incantation.
You feel disoriented.
Natasha stares at you and mumbles some strange words.
You resist with some effort.
The cerulean imp hits you but does no damage.
You shoot an arrow.
The arrow hits the cerulean imp but does no damage.
The cerulean imp is moderately wounded.
A goblin comes into view. It is wielding a +0 dagger.
The cerulean imp hits you but does no damage.
You shoot an arrow. The goblin shouts!
The arrow hits Natasha but does no damage.
Natasha is heavily wounded.
The cerulean imp hits you from afar with a +2 spear.
Natasha claws you.
You shoot an arrow. The arrow barely misses Natasha.
The cerulean imp closely misses you. Natasha claws you.
A hobgoblin comes into view.
You shoot an arrow. The hobgoblin shouts!
The arrow hits Natasha.
Natasha is almost dead.
The cerulean imp completely misses you. Natasha closely misses you.
The cerulean imp hits you from afar with a +2 spear.
You shoot an arrow. The arrow hits Natasha.
Natasha is almost dead.
Natasha wildly gestures.
You feel troubled. Natasha claws you. The cerulean imp barely misses you.
Natasha claws you!
You shoot an arrow. The arrow misses Natasha.
The cerulean imp hits you but does no damage.
Natasha barely misses you. The goblin barely misses you.
You shoot an arrow. The arrow barely misses Natasha.
The cerulean imp hits you but does no damage.
Natasha claws you. The goblin closely misses you.
You shoot an arrow. The arrow closely misses Natasha.
The cerulean imp hits you from afar with a +2 spear.
You die...

.##.##......
......>....
.........# .
#.).....###
..#.........#
.....5....#.#
#....h..#.##
#..gg@.....##.#
####....>......
###.....###
#....## #
#.#..##
#...#...#
#.#####<#
#...#...# #
#.#.###


You could see Natasha, a cerulean imp (summoned), a hobgoblin and a goblin.

Vanquished Creatures
  3 adders (D:2)
  A gnoll (D:1)
  2 dart slugs
  5 endoplasms
  2 hobgoblins (D:2)
  A kobold (D:1)
  3 quokkas (D:2)
  3 ball pythons
  2 bats (D:2)
  A frilled lizard (D:1)
  10 goblins
  A rat (D:1)
34 creatures vanquished.

Notes
Turn   | Place    | Note
-------+----------+-------------------------------------------
     0 | D:1      | qw the Deep Elf Hunter began the quest for the Orb.
     0 | D:1      | Reached XP level 1. HP: 12/12 MP: 3/3
     0 | D:1      | 0 ||| qw: Version: 0.3-a-9-g12657ce
     0 | D:1      | 0 ||| qw: Game counter: 2739
     0 | D:1      | 0 ||| qw: Always use a shield: true
     0 | D:1      | 0 ||| qw: God list: Okawaru
     0 | D:1      | 0 ||| qw: Allow faded altars: false
     0 | D:1      | 0 ||| qw: Do Orc after D:15 true
     0 | D:1      | 0 ||| qw: Do second Lair branch before Depths: true
     0 | D:1      | 0 ||| qw: Lair rune preference: random
     0 | D:1      | 0 ||| qw: Plans: Normal
     0 | D:1      | 0 ||| PLANNING D:1-11
   128 | D:1      | Reached XP level 2. HP: 16/16 MP: 4/4
   128 | D:1      | Found a faded altar of an unknown god.
   240 | D:1      | Reached skill level 6 in Ranged Weapons
   587 | D:1      | 587 ||| UPGRADING to +0 helmet.
   592 | D:1      | 592 ||| UPGRADING to +0 ring mail.
   602 | D:1      | 602 ||| DROPPING +0 leather armour.
   603 | D:1      | 603 ||| READING 2 scrolls labelled PUFRAJ CIMUOSA.
   607 | D:1      | 607 ||| READING 4 scrolls labelled YSMIONN CETESI.
   608 | D:1      | 608 ||| READING scroll labelled LIUDAS SEXASTA.
   609 | D:1      | 609 ||| DROPPING scroll of butterflies.
   610 | D:1      | 610 ||| DROPPING 3 scrolls of revelation.
   675 | D:2      | Reached XP level 3. HP: 20/20 MP: 5/5
   718 | D:2      | 718 ||| FLEEEEING.
   719 | D:2      | 719 ||| FLEEEEING.
   720 | D:2      | 720 ||| FLEEEEING.
  1002 | D:2      | Reached skill level 7 in Ranged Weapons
  1166 | D:2      | Reached XP level 4. HP: 23/25 MP: 6/6
  1409 | D:2      | Found a runed translucent door.
  1410 | D:2      | Noticed Crazy Yiuf
  1413 | D:2      | 1413 ||| READING scroll labelled GOXZOSEIHI.
  1470 | D:3      | Found an opulent altar of Gozag.
  1485 | D:3      | Noticed Robin
  1490 | D:3      | 1490 ||| Stepping ~*~*~tactically~*~*~ (outnumbered).
  1501 | D:3      | HP: 4/25 [goblin/+0 dagger[Robin] (4)]
  1502 | D:3      | 1502 ||| READING scroll of teleportation.
  1598 | D:3      | Noticed Natasha
  1609 | D:3      | HP: 3/25 [Natasha (4)]
  1610 | D:3      | Slain by a cerulean imp

Levels and vault maps discovered:
D:1:      heliophobic_arrival_enchanted_forest, layout_loops_ring,
          ebering_ecumenical_altar_abandoned
D:2:      layout_basic, moated_statue, uniq_crazy_yiuf_cottage
D:3:      layout_loops_ring, mainiacjoe_overflow_surrounded_room,
          nicolae_gozag_cash_rules_everything_around_me,
          nicolae_overflow_quartered_altars, uniq_natasha, uniq_jessica,
          uniq_robin

Skill      XL: |  1  2  3 |
---------------+----------+-----
Ranged Weapons | 6 7 |  7.5
Fighting       | |  1.5
Dodging        | |  2.4
Stealth        | |  1.2

Action                     |  1- 3 |  4- 6 || total
---------------------------+-------+-------++-------
   Fire: Shortbow          |    82 |    32 ||   114
    Use: Scroll            |     3 |     2 ||     5
 Armour: Leather armour    |     1 |       ||     1
         Ring mail         |     5 |    18 ||    23
  Dodge: Dodged            |    11 |    27 ||    38

Table legend:
 A = Non-vault XP
 B = Vault XP
 C = Vault XP percentage of total XP
 D = Non-vault monster count
 E = Vault monster count
 F = Vault count percentage of total count
                 A         B        C        D         E       F
            +---------+---------+-------+---------+---------+-------
      Total |     103 |       7 |   6.4 |      30 |       4 |  11.8
            +---------+---------+-------+---------+---------+-------
        D:1 |      32 |       0 |   0.0 |      11 |       0 |   0.0
        D:2 |      71 |       0 |   0.0 |      19 |       0 |   0.0
        D:3 |       0 |       7 | 100.0 |       0 |       4 | 100.0
            +---------+---------+-------+---------+---------+-------
